| TOP OF THE 1ST |
|
London Majors batting - Pitching for Niagara Falls Phantoms : RHP Alex Sepulueda
|
|
Pitching: RHP Alex Sepulueda
|
|
|
Batting: SHB Willie de Gracia
|
0-0: Ball 1-0: Swinging Strike 1-1: Called Strike 1-2: Strikes out swinging
|
|
Batting: RHB Tom Bergman
|
0-0: Ball 1-0: Called Strike 1-1: Swinging Strike 1-2: Strikes out looking
|
|
Batting: LHB Danny Hamilton
|
0-0: Ball 1-0: Called Strike 1-1: Foul Ball, location: 2F 1-2: Ball 2-2: Ball 3-2: Ground out U3 (Groundball, 34S, EV 80.6 MPH)
|
| Top of the 1st over - 0 runs, 0 hits, 0 errors, 0 left on base; London 0 - Niagara Falls 0 |
| BOTTOM OF THE 1ST |
|
Niagara Falls Phantoms batting - Pitching for London Majors : LHP Antoine Herndon
|
|
Pitching: LHP Antoine Herndon
|
|
|
Batting: RHB Alfredo Mendez
|
0-0: Ball 1-0: Ball 2-0: Swinging Strike 2-1: Fly out, F5 (Line Drive, 5L, EV 66.9 MPH)
|
|
Batting: RHB Tatsuro Hamasaki
|
0-0: Ball 1-0: Called Strike 1-1: Called Strike 1-2: Foul Ball, location: 2F 1-2: Strikes out swinging
|
|
Batting: RHB Peter Frankel
|
0-0: Called Strike 0-1: Ball 1-1: Foul Ball, location: 2F 1-2: Foul Ball, location: 2F 1-2: Strikes out swinging
|
| Bottom of the 1st over - 0 runs, 0 hits, 0 errors, 0 left on base; London 0 - Niagara Falls 0 |
| TOP OF THE 2ND |
|
London Majors batting - Pitching for Niagara Falls Phantoms : RHP Alex Sepulueda
|
|
Batting: LHB Trevor Durbin
|
0-0: Ball 1-0: Ball 2-0: Called Strike 2-1: Foul Ball, location: 2F 2-2: Strikes out looking
|
|
Batting: SHB Miguel Sano Jr.
|
0-0: Called Strike 0-1: Ball 1-1: Ball 2-1: Ball 3-1: Called Strike 3-2: Foul Ball, location: 2F 3-2: Foul Ball, location: 2F 3-2: Strikes out swinging
|
|
Batting: RHB Hanley Hernandez
|
0-0: Ground out 4-3 (Groundball, 4, EV 93.1 MPH)
|
| Top of the 2nd over - 0 runs, 0 hits, 0 errors, 0 left on base; London 0 - Niagara Falls 0 |
| BOTTOM OF THE 2ND |
|
Niagara Falls Phantoms batting - Pitching for London Majors : LHP Antoine Herndon
|
|
Batting: RHB Ben Underwood
|
0-0: Foul Ball, location: 2F 0-1: Foul Ball, location: 2F 0-2: Ball 1-2: Ball 2-2: Ball 3-2: DOUBLE (Line Drive, 78XD, EV 106.9 MPH)
|
|
Batting: RHB Ryan Book
|
0-0: Ball 1-0: Foul Ball, location: 2F 1-1: SINGLE (Line Drive, 7S, EV 109.4 MPH) Ben Underwood to third
|
|
Batting: RHB Hunter Uttley
|
0-0: Grounds into double play, 6-4-3 (Groundball, 6, EV 98.8 MPH) Ben Underwood scores
|
|
Batting: RHB Danny Carrick
|
0-0: Called Strike 0-1: SOLO HOME RUN (Flyball, 78XD, EV 104.4 MPH), Distance : 413 ft
|
|
Batting: RHB Donald DeLisio
|
0-0: Ball 1-0: Foul Ball, location: 2F 1-1: Ball 2-1: Swinging Strike 2-2: Strikes out looking
|
| Bottom of the 2nd over - 2 runs, 3 hits, 0 errors, 0 left on base; London 0 - Niagara Falls 2 |
| TOP OF THE 3RD |
|
London Majors batting - Pitching for Niagara Falls Phantoms : RHP Alex Sepulueda
|
|
Batting: SHB John Webb
|
0-0: Ball 1-0: Foul Ball, location: 2F 1-1: SINGLE (Flyball, 3D, EV 84.4 MPH) - OUT at second base trying to stretch hit.
|
|
Batting: LHB Seth Garrigan
|
0-0: Called Strike 0-1: Ball 1-1: Ball 2-1: Ball 3-1: Called Strike 3-2: Base on Balls
|
|
Batting: RHB Jerry Perez
|
0-0: Grounds into double play, 6-4-3 (Groundball, 6M, EV 92.5 MPH)
|
| Top of the 3rd over - 0 runs, 1 hit, 0 errors, 0 left on base; London 0 - Niagara Falls 2 |
| BOTTOM OF THE 3RD |
|
Niagara Falls Phantoms batting - Pitching for London Majors : LHP Antoine Herndon
|
|
Batting: SHB Ramon Werman
|
0-0: Ball 1-0: Ball 2-0: Ground out 5-3 (Groundball, 56, EV 108.8 MPH)
|
|
Batting: RHB Alfredo Mendez
|
0-0: Ball 1-0: Swinging Strike 1-1: Swinging Strike 1-2: SINGLE (Flyball, 8RS, EV 86.2 MPH)
|
|
Batting: RHB Tatsuro Hamasaki
|
0-0: Ball 1-0: Ball 2-0: Ball 3-0: Called Strike 3-1: SINGLE (Groundball, 34, EV 96.9 MPH) Alfredo Mendez to second Runner from 2nd tries for 3rd, SAFE, throw by RF made to third Tatsuro Hamasaki to second
|
|
Batting: RHB Peter Frankel
|
0-0: Foul Ball, location: 2F 0-1: Ball 1-1: Fly out, F9 (Flyball, 9S, EV 83.8 MPH)
|
|
Batting: RHB Ben Underwood
|
0-0: Called Strike 0-1: Ball 1-1: Ball 2-1: 3-RUN HOME RUN (Flyball, 9LD, EV 94.4 MPH), Distance : 354 ft
|
|
Batting: RHB Ryan Book
|
0-0: Called Strike 0-1: Ground out 6-3 (Groundball, 6, EV 101.2 MPH)
|
| Bottom of the 3rd over - 3 runs, 3 hits, 0 errors, 0 left on base; London 0 - Niagara Falls 5 |
| TOP OF THE 4TH |
|
London Majors batting - Pitching for Niagara Falls Phantoms : RHP Alex Sepulueda
|
|
Batting: SHB Willie de Gracia
|
0-0: Swinging Strike 0-1: Called Strike 0-2: Ball 1-2: Ball 2-2: Ball 3-2: Base on Balls
|
|
Batting: RHB Tom Bergman
|
0-0: Ball 1-0: Called Strike 1-1: Ball 2-1: Ball 3-1: Foul Ball, location: 2F 3-2: Foul Ball, location: 2F 3-2: Base on Balls Willie de Gracia to second
|
|
Batting: LHB Danny Hamilton
|
0-0: Foul Ball, location: 2F 0-1: Ball 1-1: Called Strike 1-2: Strikes out swinging
|
|
Batting: LHB Trevor Durbin
|
0-0: Fly out, F7 (Flyball, 7LD, EV 100.6 MPH)
|
|
Batting: SHB Miguel Sano Jr.
|
0-0: Foul Ball, location: 2F 0-1: Ball 1-1: SINGLE (Line Drive, 6MD, EV 94.4 MPH) Willie de Gracia to third Tom Bergman to second Runner from 3rd tries for Home, SAFE, throw by CF to home
|
|
Batting: RHB Hanley Hernandez
|
0-0: Ball 1-0: 3-RUN HOME RUN (Flyball, 7LD, EV 93.1 MPH), Distance : 345 ft
|
|
Batting: SHB John Webb
|
0-0: Swinging Strike 0-1: Foul Ball, location: 2F 0-2: Ball 1-2: Foul Ball, location: 2F 1-2: Foul Ball, location: 2F 1-2: Strikes out swinging
|
| Top of the 4th over - 4 runs, 2 hits, 0 errors, 0 left on base; London 4 - Niagara Falls 5 |
| BOTTOM OF THE 4TH |
|
Niagara Falls Phantoms batting - Pitching for London Majors : LHP Antoine Herndon
|
|
Batting: RHB Hunter Uttley
|
0-0: Called Strike 0-1: Ball 1-1: Ball 2-1: Ball 3-1: Foul Ball, location: 2F 3-2: Foul Ball, location: 2F 3-2: Fly out, F8 (Flyball, 8LS, EV 86.2 MPH)
|
|
Batting: RHB Danny Carrick
|
0-0: Ball 1-0: Ball 2-0: SINGLE (Line Drive, 4MD, EV 100.6 MPH)
|
|
Batting: RHB Donald DeLisio
|
0-0: Ground out 5-3 (Groundball, 56S, EV 64.4 MPH) Danny Carrick to second
|
|
Batting: SHB Ramon Werman
|
0-0: Ball 1-0: Ground out 5-3 (Groundball, 56S, EV 91.2 MPH)
|
| Bottom of the 4th over - 0 runs, 1 hit, 0 errors, 1 left on base; London 4 - Niagara Falls 5 |
| TOP OF THE 5TH |
|
London Majors batting - Pitching for Niagara Falls Phantoms : RHP Alex Sepulueda
|
|
Batting: LHB Seth Garrigan
|
0-0: Ball 1-0: Ball 2-0: Ball 3-0: Called Strike 3-1: Fly out, F4 (Popup, 4MD, EV 45.6 MPH)
|
|
Batting: RHB Jerry Perez
|
0-0: Ball 1-0: Ball 2-0: Ball 3-0: Called Strike 3-1: Called Strike 3-2: Strikes out swinging
|
|
Batting: SHB Willie de Gracia
|
0-0: Ball 1-0: Ball 2-0: Foul Ball, location: 2F 2-1: Foul Ball, location: 2F 2-2: Ball 3-2: Ground out 4-3 (Groundball, 4, EV 105.6 MPH)
|
| Top of the 5th over - 0 runs, 0 hits, 0 errors, 0 left on base; London 4 - Niagara Falls 5 |
| BOTTOM OF THE 5TH |
|
Niagara Falls Phantoms batting - Pitching for London Majors : LHP Antoine Herndon
|
|
Batting: RHB Alfredo Mendez
|
0-0: Ground out 6-3 (Groundball, 6, EV 81.9 MPH)
|
|
Batting: RHB Tatsuro Hamasaki
|
0-0: Ball 1-0: Ball 2-0: Ground out 4-3 (Groundball, 6M, EV 80.0 MPH)
|
|
Batting: RHB Peter Frankel
|
0-0: Ball 1-0: Foul Ball, location: 2F 1-1: Foul Ball, location: 2F 1-2: Ground out 6-3 (Groundball, 6M, EV 110.0 MPH)
|
| Bottom of the 5th over - 0 runs, 0 hits, 0 errors, 0 left on base; London 4 - Niagara Falls 5 |
| TOP OF THE 6TH |
|
London Majors batting - Pitching for Niagara Falls Phantoms : RHP Alex Sepulueda
|
|
Batting: RHB Tom Bergman
|
0-0: Foul Ball, location: 2F 0-1: Foul Ball, location: 2F 0-2: Ball 1-2: Strikes out swinging
|
|
Batting: LHB Danny Hamilton
|
0-0: Ball 1-0: Foul Ball, location: 2F 1-1: Ball 2-1: Ball 3-1: Foul Ball, location: 2F 3-2: Ground out 3-1 (Groundball, 34, EV 98.8 MPH)
|
|
Batting: LHB Trevor Durbin
|
0-0: Reached via error on a dropped throw from 1B, E1 (Groundball, 34, EV 86.9 MPH)
|
|
Batting: SHB Miguel Sano Jr.
|
0-0: DOUBLE (Line Drive, 9LS, EV 113.8 MPH) Trevor Durbin to third
|
|
Batting: RHB Hanley Hernandez
|
0-0: Called Strike 0-1: Ground out 5-3 (Groundball, 56S, EV 80.0 MPH)
|
| Top of the 6th over - 0 runs, 1 hit, 1 error, 2 left on base; London 4 - Niagara Falls 5 |
| BOTTOM OF THE 6TH |
|
Niagara Falls Phantoms batting - Pitching for London Majors : LHP Antoine Herndon
|
|
Batting: RHB Ben Underwood
|
0-0: Called Strike 0-1: Foul Ball, location: 2F 0-2: Ball 1-2: Ball 2-2: Strikes out swinging
|
|
Batting: RHB Ryan Book
|
0-0: Reached on error, E4 (Groundball, 4MD, EV 88.1 MPH)
|
|
Batting: RHB Hunter Uttley
|
0-0: Ball 1-0: Swinging Strike 1-1: Foul Ball, location: 2F 1-2: Foul Ball, location: 2F 1-2: Ball 2-2: Foul Ball, location: 2F 2-2: Fly out, F9 (Flyball, 9S, EV 90.0 MPH)
|
|
Pitching: RHP Joe Linkous
|
|
|
Batting: RHB Danny Carrick
|
0-0: Swinging Strike 0-1: Ball 1-1: Called Strike 1-2: Strikes out swinging
|
| Bottom of the 6th over - 0 runs, 0 hits, 1 error, 1 left on base; London 4 - Niagara Falls 5 |
| TOP OF THE 7TH |
|
London Majors batting - Pitching for Niagara Falls Phantoms : RHP Alex Sepulueda
|
|
Pinch Hitting: RHB Victor Ortiz
|
0-0: Ball 1-0: Called Strike 1-1: Ball 2-1: Ball 3-1: Base on Balls
|
|
Batting: LHB Seth Garrigan
|
0-0: SINGLE (Groundball, 23, EV 61.2 MPH) (infield hit) Victor Ortiz to second
|
|
Pinch Runner at 2nd Salvador Ramos:
|
|
|
Batting: RHB Jerry Perez
|
0-0: Called Strike 0-1: Ground out 5-3 (Groundball, 56S, EV 83.8 MPH) Salvador Ramos to third Seth Garrigan to second
|
|
Pitching: RHP Rick Shaw
|
|
|
Batting: SHB Willie de Gracia
|
0-0: Ball 1-0: Swinging Strike 1-1: Called Strike 1-2: Ball 2-2: Ball 3-2: Strikes out swinging
|
|
Batting: RHB King Pinsent
|
0-0: Ball 1-0: Ball 2-0: Swinging Strike 2-1: Foul Ball, location: 2F 2-2: Strikes out swinging
|
| Top of the 7th over - 0 runs, 1 hit, 0 errors, 2 left on base; London 4 - Niagara Falls 5 |
| BOTTOM OF THE 7TH |
|
Niagara Falls Phantoms batting - Pitching for London Majors : RHP Joe Linkous
|
|
Now in LF: Salvador Ramos
|
|
|
Batting: LHB Pete Cook
|
0-0: Called Strike 0-1: Reached on error, E6 (Groundball, 6, EV 85.0 MPH)
|
|
Batting: SHB Ramon Werman
|
0-0: Ball 1-0: Foul Ball, location: 2F 1-1: Foul Ball, location: 2F 1-2: Strikes out swinging
|
|
Batting: RHB Alfredo Mendez
|
0-0: Intentional Walk
|
|
Batting: RHB Tatsuro Hamasaki
|
0-0: Called Strike 0-1: Called Strike 0-2: Ball 1-2: Ball Wild Pitch! Pete Cook to third Alfredo Mendez to second 2-2: Strikes out swinging
|
|
Batting: RHB Peter Frankel
|
0-0: Ball 1-0: Called Strike 1-1: Swinging Strike 1-2: Ball 2-2: Ball 3-2: Strikes out swinging
|
| Bottom of the 7th over - 0 runs, 0 hits, 1 error, 2 left on base; London 4 - Niagara Falls 5 |
| TOP OF THE 8TH |
|
London Majors batting - Pitching for Niagara Falls Phantoms : RHP Rick Shaw
|
|
Now at 2B: Hui Li
|
|
|
Now in LF: Ramon Werman
|
|
|
Now in RF: Tatsuro Hamasaki
|
|
|
Batting: LHB Danny Hamilton
|
0-0: Ball 1-0: Called Strike 1-1: Foul Ball, location: 2F 1-2: Ball 2-2: Foul Ball, location: 2F 2-2: Foul Ball, location: 2F 2-2: Ground out 4-3 (Groundball, 4, EV 83.1 MPH)
|
|
Batting: LHB Trevor Durbin
|
0-0: Ball 1-0: Called Strike 1-1: Fly out, F9 (Flyball, 9D, EV 91.9 MPH)
|
|
Batting: SHB Miguel Sano Jr.
|
0-0: Foul Ball, location: 2F 0-1: Foul Ball, location: 2F 0-2: Ball 1-2: Strikes out looking
|
| Top of the 8th over - 0 runs, 0 hits, 0 errors, 0 left on base; London 4 - Niagara Falls 5 |
| BOTTOM OF THE 8TH |
|
Niagara Falls Phantoms batting - Pitching for London Majors : RHP Joe Linkous
|
|
Batting: RHB Ben Underwood
|
0-0: Swinging Strike 0-1: Foul Ball, location: 2F 0-2: Ball 1-2: Ground out 1-3 (Groundball, 23, EV 71.9 MPH)
|
|
Batting: RHB Ryan Book
|
0-0: Foul Ball, location: 2F 0-1: Ball 1-1: Ball 2-1: Called Strike 2-2: Ground out U3 (Groundball, 34, EV 84.4 MPH)
|
|
Pitching: LHP Kenny Russell
|
|
|
Batting: RHB Hunter Uttley
|
0-0: Ground out 5-3 (Groundball, 56, EV 103.8 MPH)
|
| Bottom of the 8th over - 0 runs, 0 hits, 0 errors, 0 left on base; London 4 - Niagara Falls 5 |
| TOP OF THE 9TH |
|
London Majors batting - Pitching for Niagara Falls Phantoms : RHP Rick Shaw
|
|
Pitching: RHP Ronnie Seymour
|
|
|
Pinch Hitting: RHB Adler Cananis
|
0-0: Ball 1-0: Reached on error, E4 (Groundball, 4, EV 90.0 MPH)
|
|
Batting: LHB Salvador Ramos
|
0-0: Ball 1-0: Ball 2-0: Ball 3-0: Base on Balls
|
|
Pinch Runner at 2nd Piri Glaginye:
|
|
|
Pinch Hitting: LHB Bill Hall
|
0-0: Called Strike 0-1: Called Strike 0-2: Strikes out swinging
|
|
Pinch Hitting: RHB Harry Torres
|
0-0: Called Strike 0-1: Ball 1-1: Fly out, F7 (Flyball, 7S, EV 78.1 MPH)
|
|
Batting: SHB Willie de Gracia
|
0-0: Foul Ball, location: 2F 0-1: Fielders Choice at 2nd, 5-4 (Groundball, 56, EV 103.1 MPH)
|
| Top of the 9th over - 0 runs, 0 hits, 1 error, 2 left on base; London 4 - Niagara Falls 5 |
|